 Dungeon Crawl Stone Soup version 0.20.1-1-g8b1a95d (webtiles) character file.

5798 equalderp2856 the Cleaver (level 10, -9/75 HPs)
             Began as a Mummy Fighter on Oct 25, 2017.
             Mangled by a hell hound (10 damage)
             ... on level 9 of the Dungeon.
             The game lasted 00:31:53 (16149 turns).

equalderp2856 the Cleaver (Mummy Fighter)          Turns: 16149, Time: 00:31:53

Health: -9/75      AC:  8    Str: 19    XL:     10   Next: 50%
Magic:  21/21      EV: 10    Int: 11    God:
Gold:   491        SH: 10    Dex: 12    Spells: 21/24 levels left

rFire    x . .     SeeInvis .   a - +0 war axe
rCold    + . .     Gourm    .   c - +0 shield
rNeg     + + +     Faith    .   C - +0 ring mail (curse)
rPois    ∞         Spirit   .   (no helmet)
rElec    .         Reflect  .   v - +0 cloak
rCorr    .         Harm     .   (no gloves)
MR       ++...                  p - +0 pair of boots
Stlth    +.........             (no amulet)
Regen    0.3/turn               i - ring of protection from magic
MPRegen  0.2/turn               (no ring)

@: no status effects
A: no food or potions, fire vulnerability, cold resistance 1, negative energy
resistance 3, torment resistance, unbreathing
a: no special abilities


You were on level 9 of the Dungeon.
You were not hungry.

You visited 1 branch of the dungeon, and saw 9 of its levels.

You collected 491 gold pieces.

Inventory:

Hand Weapons
 a - a +0 war axe (weapon)
Armour
 b - a +0 scale mail
 c - a +0 shield (worn)
 p - a +0 pair of boots (worn)
 v - a +0 cloak (worn)
 C - a cursed +0 ring mail (worn)
Jewellery
 i - a ring of protection from magic (left hand)
 D - an uncursed ring of ice
Wands
 s - a wand of polymorph (13/24)
 t - a wand of scattershot (5/9)
 x - a wand of clouds (6/9)
 y - a wand of lightning (6/15)
 A - a wand of digging (7/24)
Scrolls
 d - 2 scrolls of amnesia {unknown}
 e - 2 scrolls of noise {unknown}
 f - 4 scrolls of identify
 g - 3 scrolls of teleportation {unknown}
 h - 2 scrolls of blinking {unknown}
 j - a scroll of fog {unknown}
 k - 2 scrolls of recharging {unknown}
 l - a scroll of immolation {unknown}
 m - 3 scrolls of enchant weapon {unknown}
 o - 2 scrolls of remove curse {unknown}
 r - a scroll of magic mapping {unknown}
 u - a scroll of acquirement {unknown}
 B - a scroll of enchant armour {unknown}
Books
 n - a book of Minor Magic

   Spells                             Type                      Level
   a - Magic Dart                     Conjuration                  1
   b - Blink                          Translocation                2
   c - Call Imp                       Summoning                    2
   d - Slow                           Hexes                        2
   e - Conjure Flame                  Conjuration/Fire             3
   f - Mephitic Cloud                 Conjuration/Poison/Air       3
 q - a book of Frost

   Spells                             Type                      Level
   a - Freeze                         Ice                          1
   b - Throw Frost                    Conjuration/Ice              2
   c - Ozocubu's Armour               Charms/Ice                   3
   d - Throw Icicle                   Conjuration/Ice              4
   e - Summon Ice Beast               Ice/Summoning                4
 w - a Young Poisoner's Handbook

   Spells                             Type                      Level
   a - Sting                          Conjuration/Poison           1
   b - Poisonous Vapours              Poison/Air                   2
   c - Mephitic Cloud                 Conjuration/Poison/Air       3
   d - Olgreb's Toxic Radiance        Poison                       4
   e - Venom Bolt                     Conjuration/Poison           5
 z - a book of Misfortune

   Spells                             Type                      Level
   a - Confusing Touch                Hexes                        1
   b - Confuse                        Hexes                        3
   c - Gell's Gravitas                Translocation                3
   d - Petrify                        Transmutation/Earth          4
   e - Metabolic Englaciation         Hexes/Ice                    5
   f - Yara's Violent Unravelling     Hexes/Transmutation          5


   Skills:
 + Level 5.6 Fighting
 * Level 8.8 Axes
 + Level 5.3 Armour
 + Level 2.6 Dodging
 + Level 0.6 Stealth
 + Level 5.3 Shields
 * Level 7.9 Spellcasting


You had 21 spell levels left.
You knew the following spells:

 Your Spells              Type           Power        Failure   Level  Hunger
a - Magic Dart            Conj           #...         67%         1    N/A
b - Blink                 Tloc           N/A          80%         2    N/A

Dungeon Overview and Level Annotations

Branches:
Dungeon (9/15)             Temple (0/1) D:4            Lair (0/6) D:9
    Orc: D:9-12

Altars:
Kikubaaqudgha
Nemelex Xobeh
Qazlal
Sif Muna
Vehumet
Zin
The Shining One

Shops:
D:6 (   D:7 }

Annotations:
D:9 Psyche


Innate Abilities, Weirdness & Mutations

You do not eat or drink.
Your flesh is vulnerable to fire.
You are immune to poison.
Your flesh is cold resistant. (rC+)
You are immune to negative energy. (rN+++)
You are immune to unholy pain and torment.
You can survive without breathing.


Message History

The hell hound bites you but does no damage.
You block the hungry ghost's attack.
You closely miss the hell hound.
The hell hound is severely wounded.
You barely miss the hungry ghost. The hell hound barely misses you.
The hungry ghost hits you. You block the hell hound's attack.
Your shield prevents you from hitting the hell hound.
The hell hound is severely wounded.
You hit the hungry ghost. The hell hound bites you!
* * * LOW HITPOINT WARNING * * *
You block the hungry ghost's attack. The hell hound breathes flames at you.
The blast of flame hits you! The fire burns you terribly!
* * * LOW HITPOINT WARNING * * *
The hungry ghost completely misses you.
You closely miss the hell hound.
The hell hound is severely wounded.
You miss the hungry ghost. You block the hell hound's attack.
The hungry ghost misses you. The hell hound bites you!
You die...

# #..# ###'### #### #.## #.# ...#
#.# ###.## ...# #.# ###....###
...# ###'##### #........# ...#
###.......######.#....#.##
...#####.'.......##....[#....#...
.........#.....W.#..#####....####
...#######.....h@'.## #....# >..#
#.......### #....# #.## #####'###
###### ÷.# #....# .##
####.####### ## #..........# #
#..÷.......# ##### #...........
....# #>.........#


You could see a hungry ghost and a hell hound.

Vanquished Creatures
  Grinder (D:5)
  A hippogriff (D:8)
  Eustachio (D:4)
  4 hogs (D:9)
  A human (D:9)
  A hungry ghost (D:9)
  A hell hound (D:9)
  A black bear (D:7)
  2 ice beasts
  An orc warrior (D:8)
  7 ogres
  2 sky beasts
  4 centaurs
  Blork the orc (D:4)
  4 big kobolds
  5 bullfrogs
  2 scorpions
  6 killer bees
  2 howler monkeys
  9 wights
  4 crimson imps
  A jelly (D:7)
  A centaur skeleton (D:5)
  6 orc priests
  5 hounds
  7 orc wizards
  A bullfrog skeleton (D:4)
  4 iguanas
  Ijyb (D:5)
  3 worker ants
  A hound zombie (D:8)
  3 hound skeletons
  A worker ant zombie (D:7)
  A howler monkey zombie (D:6)
  13 gnolls
  16 adders
  A howler monkey skeleton (D:7)
  2 shadow imps
  2 oozes
  An adder skeleton (D:4)
  2 worms
  3 dart slugs
  4 leopard geckos
  15 orcs
  3 giant cockroaches
  5 goblins
  6 hobgoblins
  28 kobolds
  8 quokkas
  2 ball pythons
  A ball python skeleton (D:4)
  8 bats
  7 frilled lizards
  2 quokka zombies
  10 rats
234 creatures vanquished.

Notes
Turn   | Place    | Note
-------+----------+-------------------------------------------
     0 | D:1      | equalderp2856 the Mummy Fighter began the quest for the Orb.
     0 | D:1      | Reached XP level 1. HP: 18/18 MP: 1/1
   267 | D:1      | Reached XP level 2. HP: 24/24 MP: 2/2
   575 | D:2      | Reached skill level 2 in Axes
   575 | D:2      | Reached XP level 3. HP: 19/29 MP: 3/3
   915 | D:2      | Reached XP level 4. HP: 17/36 MP: 4/4
  1526 | D:3      | Found a glowing golden altar of the Shining One.
  2091 | D:3      | Learned a level 1 spell: Magic Dart
  2094 | D:3      | Learned a level 2 spell: Blink
  2302 | D:3      | Reached XP level 5. HP: 41/41 MP: 5/5
  2559 | D:4      | Found a staircase to the Ecumenical Temple.
  2662 | D:4      | Noticed an ogre
  2699 | D:3      | Reached skill level 1 in Spellcasting
  2856 | D:3      | Reached skill level 3 in Axes
  4512 | D:4      | Reached XP level 6. HP: 39/48 MP: 8/8
  4523 | D:4      | Noticed Eustachio
  5452 | D:4      | Noticed Blork the orc
  5460 | D:4      | Killed Blork the orc
  5771 | D:4      | Killed Eustachio
  5771 | D:4      | Reached skill level 1 in Dodging
  6018 | D:5      | Entered Level 5 of the Dungeon
  6030 | D:5      | Reached XP level 7. HP: 47/54 MP: 11/11
  6062 | D:5      | Noticed Grinder
  6075 | D:5      | Killed Grinder
  6075 | D:5      | Reached skill level 4 in Axes
  6239 | D:5      | Noticed Ijyb
  6247 | D:5      | Killed Ijyb
  7347 | D:3      | Reached skill level 5 in Axes
  7347 | D:3      | Reached XP level 8. HP: 61/61 MP: 12/14
  7439 | D:3      | Found a deep blue altar of Sif Muna.
  9049 | D:5      | Reached skill level 5 in Spellcasting
  9225 | D:6      | Found a sparkling altar of Nemelex Xobeh.
  9366 | D:5      | Reached skill level 6 in Axes
  9769 | D:6      | Found a radiant altar of Vehumet.
  9808 | D:6      | Found Fuowe's Weapon Emporium.
 10239 | D:7      | Reached XP level 9. HP: 50/66 MP: 17/17
 10638 | D:7      | Found Asicimas's Gadget Emporium.
 10729 | D:7      | Reached skill level 7 in Axes
 11143 | D:8      | Reached skill level 5 in Fighting
 12213 | D:8      | Found a stormy altar of Qazlal.
 12213 | D:8      | Found a glowing silver altar of Zin.
 12935 | D:6      | Reached skill level 8 in Axes
 13444 | D:9      | Reached XP level 10. HP: 74/74 MP: 20/20
 13449 | D:9      | Found a staircase to the Lair.
 13481 | D:8      | Reached skill level 5 in Shields
 13906 | D:9      | Reached skill level 5 in Armour
 14287 | D:9      | Found an ancient bone altar of Kikubaaqudgha.
 15998 | D:9      | Noticed Psyche
 16148 | D:9      | HP: 1/75 [hell hound/blast of flame (9)]
 16149 | D:9      | Mangled by a hell hound

Skill      XL: |  1  2  3  4  5  6  7  8  9 10 |
---------------+-------------------------------+-----
Axes           | 2 3 5 6 8 |  8.8
Armour         | 3 4 5 |  5.3
Shields        | 3 4 5 |  5.3
Spellcasting   | 1 2 4 5 7 |  7.9
Fighting       | 4 5 |  5.6
Dodging        | 1 2 |  2.6
Stealth        | |  0.6

Action                   |  1- 3 |  4- 6 |  7- 9 | 10-12 || total
-------------------------+-------+-------+-------+-------++-------
Melee: War axe           |   132 |   238 |   687 |   289 ||  1346
 Cast: Magic Dart        |       |    84 |    52 |       ||   136
       Blink             |       |       |    16 |       ||    16
Evoke: Wand              |       |       |     1 |       ||     1
  Use: Scroll            |       |       |     2 |       ||     2
Armor: Scale mail        |    71 |   141 |   294 |    77 ||   583
       Ring mail         |       |       |       |    28 ||    28
Dodge: Dodged            |    37 |   120 |   220 |   126 ||   503
Block: Shield            |    73 |   169 |   339 |   193 ||   774
